 Dungeon Crawl Stone Soup version 0.29.1-2-gbd0b4ee654 (webtiles) character file.

Game seed: 11171228040521784893

107 Icepheonix32 the Grave Robber (level 4, -4/24 HPs)
             Began as a Deep Elf Necromancer on Nov 2, 2022.
             Slain by an orc
             ... wielding a +0 mace
              (8 damage)
             ... on level 3 of the Dungeon.
             The game lasted 00:02:46 (1777 turns).

Icepheonix32 the Grave Robber (DENe)                Turns: 1777, Time: 00:02:46

Health: -4/24      AC:  3    Str:  7    XL:     4   Next: 57%
Magic:  3/10       EV: 12    Int: 23    God:
Gold:   114        SH:  0    Dex: 15    Spells: 8/9 levels left

rFire   . . .      SeeInvis .   d - +0 dagger (vorpal)
rCold   . . .      Faith    .   (no shield)
rNeg    . . .      Spirit   .   a - +0 robe
rPois   .          Reflect  .   c - +0 helmet {Int+3}
rElec   .          Harm     .   (no cloak)
rCorr   .          Rampage  .   (no gloves)
Will    .....                   (no boots)
Stlth   ++........              (no amulet)
HPRegen 0.08/turn               (no ring)
MPRegen 0.12/turn               (no ring)

@: hasted, very quick
A: no striking features
a: no special abilities


You were on level 3 of the Dungeon.
You visited 1 branch of the dungeon, and saw 3 of its levels.

You collected 114 gold pieces.

Inventory:

Hand Weapons
 d - a +0 vorpal dagger (weapon)
Armour
 a - a +0 robe (worn)
 c - a +0 helmet of intelligence (worn)
Jewellery
 i - an amulet of faith
Scrolls
 e - a scroll of fog {unknown}
 f - a scroll of enchant armour {unknown}
 h - a scroll of identify {unknown}
 j - a scroll of vulnerability {unknown}
 l - a scroll of fear {unknown}
Potions
 b - a potion of magic
 k - a potion of degeneration {unknown}


   Skills:
 - Level 2.4 Dodging
 - Level 2.4 Stealth
 - Level 3.0 Spellcasting
 + Level 7.3 Necromancy


You had 8 spell levels left.
You knew the following spells:

 Your Spells              Type           Power      Damage    Failure   Level
a - Necrotise             Necr           100%       1d9       1%          1

Your spell library contained the following spells:

 Spells                   Type           Power      Damage    Failure   Level
 Vampiric Draining        Necr           37%        2d8       1%          3
 Animate Dead             Necr           37%        N/A       6%          4
 Freeze                   Ice            12%        1d4       12%         1
 Magic Dart               Conj           12%        1d3       12%         1
 Sandblast                Erth           6%         2d5       12%         1
 Agony                    Necr           37%        N/A       16%         5
 Blink                    Tloc           6%         N/A       17%         2
 Passwall                 Tmut/Erth      2%         N/A       17%         2
 Searing Ray              Conj           6%         2d4       17%         2
 Frozen Ramparts          Ice            6%         1d1       34%         3
 Lesser Beckoning         Tloc           3%         N/A       34%         3
 Stone Arrow              Conj/Erth      6%         3d7       34%         3
 Fulminant Prism          Conj/Hex       1%         3d6       75%         4
 Hailstorm                Conj/Ice       3%         3d3       75%         4
 Manifold Assault         Tloc           3%         N/A       97%         5


Dungeon Overview and Level Annotations

Branches:
Dungeon (3/15)

Altars:

Annotations:
D:2 Sigmund


Message History

A slug dart appears from out of your range of vision.
The slug dart hits your orc skeleton.
The bat writhes in agony.
You kill the bat!
The dead are flying!
The orc barely misses your orc skeleton.
The orc priest writhes in agony.
Your orc skeleton hits the orc priest but does no damage.
The orc hits your orc skeleton with a +0 mace!
Your orc skeleton is destroyed!
The orc priest closely misses you.
The orc priest writhes in agony!
Your bat skeleton hits the orc priest but does no damage. x2
Your bat skeleton barely misses the orc priest.
The orc priest invokes the aid of Beogh against your bat skeleton.
Your bat skeleton is smitten.
Your bat skeleton is destroyed!
A goblin comes into view. It is wielding a +1 dagger of speed.
The orc priest shouts!
The orc priest barely resists.
The orc hits you from afar with a +0 trident.
The orc priest hits you but does no damage.
The orc priest writhes in agony.
You kill the orc priest!
The dead are walking!
The orc closely misses you. The orc hits you with a +0 mace.
Your Necromancy skill increases to level 7!
You are too injured to fight recklessly!
You are too injured to fight recklessly!
Unknown command.
You are too injured to fight recklessly!
The orc attacks as you move away! The orc hits you with a +0 mace.
* * * LOW HITPOINT WARNING * * *
A dart slug comes into view.
The orc hits your orc priest skeleton with a +0 trident.
The orc attacks as you move away! The orc hits you but does no damage.
Your orc priest skeleton closely misses the orc.
It was a potion of haste.
You feel yourself speed up.
Your orc priest skeleton hits the orc.
The orc hits you with a +0 mace!
You die...

.#########.#######.#
...)....#.## #.#
...........## ###.###
#.#####.#...###......
#. #.........#.#..
#g#####.........#.#..
#/..............#.#..
#w#Zo####.###..##.#.#..
#..oo@................
#..######.####..#.####.
..... #.# #...#####
#.... #.# ........
#.... ##<#####..######
#$.. #......#.. #...
####......##. ####
..........##. #...
.#######....(.##.###...


You could see a dart slug, 3 orcs and a friendly orc priest skeleton.

Vanquished Creatures
  An orc priest (D:3)
  4 adders
  A worm (D:2)
  A dart slug (D:1)
  An orc (D:3)
  6 ball pythons
  2 endoplasms (D:1)
  A giant cockroach (D:1)
  3 goblins (D:1)
  4 hobgoblins
  2 quokkas
  3 bats
  4 frilled lizards (D:1)
  2 kobolds (D:1)
  3 rats
38 creatures vanquished.

Vanquished Creatures (collateral kills)
  An endoplasm (D:1)
1 creature vanquished.

Grand Total: 39 creatures vanquished

Notes
Turn   | Place    | Note
-------+----------+-------------------------------------------
     0 | D:1      | Icepheonix32 the Deep Elf Necromancer began the quest for
                  | the Orb.
     0 | D:1      | Reached XP level 1. HP: 10/10 MP: 6/6
    12 | D:1      | Reached skill level 5 in Necromancy
   155 | D:1      | Reached XP level 2. HP: 15/15 MP: 6/8
   184 | D:1      | Found a faded altar of an unknown god.
  1167 | D:2      | Reached skill level 6 in Necromancy
  1167 | D:2      | Reached XP level 3. HP: 19/19 MP: 5/9
  1314 | D:2      | Noticed Sigmund
  1655 | D:3      | Reached XP level 4. HP: 24/24 MP: 7/10
  1775 | D:3      | Reached skill level 7 in Necromancy
  1777 | D:3      | Slain by an orc

Illustrated notes

Levels and vault maps discovered:
D:1:      onia_arrival_pyramid, layout_basic, dreamdust_ecumenical_altar_grove
D:2:      layout_basic, kennysheep_generic_room_10, uniq_sigmund
D:3:      layout_basic, chequers_temple_overflow_minitemple, minmay_circle_x

Skill      XL: |  1  2  3  4 |
---------------+-------------+-----
Necromancy     | 5 6 7 |  7.3
Dodging        | |  2.4
Stealth        | |  2.4
Spellcasting   | |  3.0

Action                   |  1- 3 |  4- 6 || total
-------------------------+-------+-------++-------
Melee: Dagger            |    10 |       ||    10
       Punch             |     1 |       ||     1
 Cast: Necrotise         |    52 |     9 ||    61
  Use: Scroll            |     1 |       ||     1
       Potion            |       |     1 ||     1
 Stab: Sleeping          |     2 |       ||     2
Armor: Robe              |     4 |     3 ||     7
Dodge: Dodged            |    11 |     4 ||    15
